 Dungeon Crawl Stone Soup version 0.29.1-15-g9cfb28693d (webtiles) character file.

Game seed: 9201990213464163678

97428 fleeber the Warrior (level 16, -9/143 HPs)
             Began as a Djinni Fire Elementalist on Apr 7, 2023.
             Was a High Priest of Ashenzari.
             Shot with an arrow by a naga sharpshooter (21 damage)
             ... on level 1 of the Snake Pit on Apr 8, 2023.
             The game lasted 02:50:06 (28192 turns).

fleeber the Warrior (Djinni Fire Elementalist)     Turns: 28192, Time: 02:50:06

Health: -9/143     AC:  9    Str:  7    XL:     16   Next: 69%
Gold:   2829       EV: 15    Int: 24    God:    Ashenzari [*****.] SH: 11 Dex: 10

rFire   + + +      SeeInvis +   o - staff of fire (curse) {Self, Evo}
rCold   + + .      Faith    .   U - +2 kite shield "Share My Visionary" {rF+, Melee, Self} (curse)
rNeg    + + .      Spirit   .   y - +1 leather armour of the Distant Doubts {rC+ rN++ rCorr Dex-5, Self, Cun} (curse)
rPois   ∞          Reflect  .   T - +2 hat of the Tethered Stars {Cun, Fort} (curse)
rElec   .          Harm     .   N - scarf {rC+ rF+}
rCorr   +          Rampage  .   p - +2 pair of gloves of the Sublime Seer {Self, Cun} (curse)
Will    ++...      Clarity  +   (boots unavailable)
Stlth   +++.......              B - amulet "Shattered Trepidation" {Regen+, Cun, Self} (curse)
HPRegen 1.13/turn               K - ring "Ruined Jealousy" {rC+, Cun, Fort} (curse)
MPRegen 0.00/turn               L - ring "Prescient Seer" {Will+, Evo, Melee} (curse)

@: flying
A: sickness immunity, fire resistance 2, cold vulnerability 1, float, innate
caster, HP casting, extra vitality 1
a: Renounce Religion, Shatter the Chains


You were on level 1 of the Snake Pit.
You worshipped Ashenzari.
Ashenzari was extremely pleased with you.
You visited 5 branches of the dungeon, and saw 25 of its levels.

You collected 3918 gold pieces.
You spent 1089 gold pieces at shops.

Inventory:

Missiles
 Q - a throwing net
Armour
 p - the cursed +2 pair of gloves of the Sublime Seer (worn) {Self, Cun}
   (You found it on level 4 of the Lair of Beasts)

   It has a curse which improves the following skills: Introspection: Fighting
   and Spellcasting.
   Cunning:   Dodging and Stealth.
 y - the cursed +1 leather armour of the Distant Doubts (worn) {rC+ rN++ rCorr Dex-5, Self, Cun}
   (You found it on level 7 of the Dungeon)

   Dex:       It affects your dexterity (-5).
   rC:        It protects you from cold.
   rN:        It greatly protects you from negative energy.
   rCorr:     It protects you from acid and corrosion.
   It has a curse which improves the following skills: Introspection: Fighting
   and Spellcasting.
   Cunning:   Dodging and Stealth.
 N - a scarf of resistance (worn)
 T - the cursed +2 hat of the Tethered Stars (worn) {Cun, Fort}
   (You found it on level 13 of the Dungeon)

   It has a curse which improves the following skills: Cunning: Dodging and
   Stealth.
   Fortitude: Armour and Shields.
 U - the cursed +2 kite shield "Share My Visionary" (worn) {rF+, Melee, Self}
   (You took it off a tengu warrior on level 14 of the Dungeon)

   It has a curse which improves the following skills: Melee Combat: Short
   Blades, Long Blades, Axes, Maces & Flails, Polearms, Staves and Unarmed
   Combat.
   Introspection: Fighting and Spellcasting.
 W - a +2 kite shield of protection
Magical Staves
 o - a cursed staff of fire (weapon) {Self, Evo}
 V - a staff of conjuration
Jewellery
 i - a +4 ring of protection
 x - a +6 ring of dexterity
 z - a +6 ring of strength
 B - the cursed amulet "Shattered Trepidation" (around neck) {Regen+, Cun, Self}
   (You found it on level 8 of the Dungeon)

   [amulet of regeneration]

   Regen:     It increases your rate of health regeneration.
   It has a curse which improves the following skills: Cunning: Dodging and
   Stealth.
   Introspection: Fighting and Spellcasting.
 D - a +6 ring of intelligence
 G - the ring of Law {Ice Str-2 Dex+3 Slay+3}
   (You found it on level 9 of the Dungeon)

   [ring of ice]

   It enhances your ice magic.
   Str:       It affects your strength (-2).
   Dex:       It affects your dexterity (+3).
   Slay:      It affects your accuracy & damage with ranged weapons and melee
   (+3).
   rF:        It makes you vulnerable to fire.
   rC:        It protects you from cold.
 I - a ring of resist corrosion
 J - a ring of fire
 K - the cursed ring "Ruined Jealousy" (left hand) {rC+, Cun, Fort}
   (You found it on level 11 of the Dungeon)

   [ring of protection from cold]

   rC:        It protects you from cold.
   It has a curse which improves the following skills: Cunning: Dodging and
   Stealth.
   Fortitude: Armour and Shields.
 L - the cursed ring "Prescient Seer" (right hand) {Will+, Evo, Melee}
   (You found it on level 11 of the Dungeon)

   [ring of willpower]

   Will:      It increases your willpower.
   It has a curse which improves the following skills: Evocations: Evocations.
   Melee Combat: Short Blades, Long Blades, Axes, Maces & Flails, Polearms,
   Staves and Unarmed Combat.
Wands
 r - a wand of charming (31)
 s - a wand of acid (11)
 w - a wand of roots (9)
 C - a wand of mindburst (24)
 F - a wand of digging (11)
 O - a wand of flame (10)
Scrolls
 a - 6 scrolls of immolation
 e - 7 scrolls of teleportation
 f - a scroll of butterflies
 k - a scroll of enchant weapon
 m - a scroll of silence
 n - 2 scrolls of poison
 q - a scroll of noise
 A - 7 scrolls of amnesia
 M - a scroll of magic mapping
 R - a scroll of summoning
 S - a scroll of fear
Potions
 b - 14 potions of ambrosia
 c - 4 potions of brilliance
 d - 4 potions of haste
 g - 5 potions of mutation
 h - 5 potions of flight
 l - 4 potions of degeneration
 t - 2 potions of heal wounds
 u - 2 potions of invisibility
 v - 3 potions of attraction
 E - 7 potions of curing
 H - 4 potions of lignification
 P - 2 potions of cancellation
Miscellaneous
 j - a lightning rod (4/4)


   Skills:
 + Level 16.2(22.5) Fighting
 - Level 6.7(10.2) Staves
 - Level 10.5(16.9) Dodging
 - Level 1.5(5.4) Stealth
 + Level 4.6(7.8) Shields
 - Level 4.8(8.1) Unarmed Combat
 + Level 14.3(20.7) Spellcasting
 - Level 6.7(10.2) Evocations


You had 19 spell levels left.
You knew the following spells:

 Your Spells              Type           Power      Damage    Failure   Level
a - Foxfire               Conj/Fire      100%       2x1d9     0%          1
b - Scorch                Fire           100%       2d10      0%          2
c - Sticky Flame          Conj/Fire      100%       2d11      0%          4
d - Inner Flame           Hex/Fire       100%       N/A       0%          3
e - Flame Wave            Conj/Fire      100%       2d21      0%          4
f - Summon Small Mammal   Summ           100%       N/A       0%          1
g - Blink                 Tloc           100%       N/A       0%          2
h - Ensorcelled Hibernat  Hex/Ice        100%       N/A       0%          2
i - Animate Armour        Summ/Erth      100%       N/A       0%          4
j - Conjure Flame         Conj/Fire      100%       6-21      0%          3
k - Blade Hands           Tmut           45%        N/A       1%          5
l - Dispersal             Tloc           45%        N/A       1%          6
Your spell library was empty.

Dungeon Overview and Level Annotations

Branches:
Dungeon (15/15)            Temple (1/1) D:6            Lair (5/5) D:8
 Shoals (0/4) Lair:3        Snake (2/4) Lair:2        Slime (0/5) Lair:4
    Orc (2/2) D:11            Elf (0/3) Orc:2        Vaults (0/5) D:14
 Depths (0/4) D:15

Altars:
Ashenzari
Cheibriados
Dithmenos
Elyvilon
Fedhas
Gozag
Hepliaklqana
Nemelex Xobeh
Okawaru
Qazlal
Ru
Trog
Uskayaw
Wu Jian
Xom
Yredelemnul
Zin
The Shining One
Jiyva

Shops:
D:11 *   D:13 (   D:15 [   Orc:2 ?[(*   Snake:1 *

Annotations:
D:4 exclusion: ice beast
D:5 3 runed translucent doors, leafyfresh's ghost, weakling OpDe
D:14 3 runed translucent doors, Wopp's ghost, journeyman GrEE
Lair:1 exclusion: 2 doors
Lair:2 3 runed translucent doors, Kazon's ghost, journeyman BaFi
Lair:3 2 transporters, safid's ghost, journeyman MfIE
Lair:5 1 runed translucent door
Snake:2 Mlioglotl


Innate Abilities, Weirdness & Mutations

You are immune to sickness and miasma.
You are immune to poison.
Your flesh is very heat resistant. (rF++)
You are vulnerable to cold. (rC-)
You float through the air rather than walking.
You learn spells naturally, not from books.
Your magical power is your life essence.
You have superior vitality. (+4 MHP)


Message History

The naga sharpshooter shoots an arrow.
The arrow hits you!
The naga sharpshooter spits poison at you.
The splash of poison hits you but does no damage.
You resist.
The shock serpent shoots out a bolt of lightning at you!
The bolt of electricity hits you!
A wave of flame ripples out!
The flame wave engulfs the naga sharpshooter!!
The naga sharpshooter is almost dead.
The flame wave engulfs the shock serpent!
The shock serpent is severely wounded.
The flame wave engulfs the naga sharpshooter.
The naga sharpshooter is heavily wounded.
You finish channelling waves of flame.
The shock serpent's electric aura discharges, shocking you!
* * * LOW HITPOINT WARNING * * *
The shock serpent bites you!
* * * LOW HITPOINT WARNING * * *
The shock serpent shocks you!
* * * LOW HITPOINT WARNING * * *
The naga sharpshooter shoots an arrow.
You block the arrow.
The naga sharpshooter gestures wildly while chanting.
The naga sharpshooter magically shoots a bolt.
You block the bolt. You block the shock serpent's attack.
Casting: Dispersal (mildly dangerous; 1% risk of failure)
Press: ? - help, Dir - look around, f - activate The naga sharpshooter blinks!
The shock serpent disappears!
The naga sharpshooter disappears!
* * * LOW HITPOINT WARNING * * *
The naga sharpshooter spits poison at you.
The splash of poison hits you but does no damage.
You resist.
The naga sharpshooter spits poison at you.
The splash of poison hits you but does no damage.
You resist.
There is a stone staircase leading down here.
The naga sharpshooter gestures wildly while chanting.
The naga sharpshooter magically shoots an arrow.
The arrow hits you!!
You die...

####....###### ###......######
###........#### ###.....N...###
##........).########### ##
##########.......#.#########.####
#.##.###.#.#.....#.####.####....#
...........#....#>.......###.....
................@................
.................................
#............[....>..............
###.#'##.........#.....##........
##.....#^.......................>
##.....#.:...#..................#
##.÷...##.#..##........##.##.####
#.....####.N......############
#.....####.[.....###########


You could see 2 naga sharpshooters.

Vanquished Creatures
  Kirke (Lair:5)
  An orc warlord (Orc:2)
  A dire elephant (shapeshifter) (D:15)
  2 rakshasas (D:15)
  6 hydras
  4 boulder beetles
  8 anacondas (Snake:1)
  5 centaur warriors
  An ogre mage (D:15)
  7 two-headed ogres
  4 naga warriors (Snake:1)
  4 tengu warriors
  Urug (Lair:4)
  3 death yaks (Lair:4)
  3 naga sharpshooters (Snake:1)
  A goliath frog (Lair:4)
  A glowing orange brain (D:15)
  3 naga ritualists (Snake:1)
  4 swamp dragons (Lair:4)
  A deep elf pyromancer (D:15)
  3 orc knights
  2 lindwurms
  Pikel (D:6)
  2 necromancers (D:14)
  3 orc sorcerers
  8 cyclopes
  3 mana vipers (Snake:1)
  A faun (Lair:2)
  4 manticores
  16 ugly things
  2 salamanders (Snake:1)
  A guardian serpent (Snake:1)
  10 elephants
  A torpor snail (Lair:5)
  14 black mambas
  5 komodo dragons
  10 cane toads
  A komodo dragon (shapeshifter) (D:15)
  2 rime drakes
  3 meliai (D:13)
  A queen bee (D:13)
  2 polar bears (Lair:5)
  2 hornets
  Grinder (D:3)
  6 trolls
  A wind drake (Lair:3)
  4 dream sheep (Lair:5)
  3 blink frogs (Lair:2)
  4 slime creatures (D:15)
  2 shadows
  2 wraiths
  9 wyverns
  6 hogs
  25 yaks
  A human (shapeshifter) (D:14)
  A hog (shapeshifter) (D:14)
  3 basilisks
  4 vampire mosquitoes
  A steam dragon (D:8)
  4 wargs
  Edmund (D:5)
  4 swamp worms (Lair:4)
  2 hell hounds
  4 acid dragons
  10 nagas
  14 water moccasins
  Duvessa (D:6)
  3 swamp drakes (Lair:4)
  32 orc warriors
  3 ice beasts
  2 black bears
  6 ogres
  7 centaurs
  42 wolves
  4 lemures (D:6)
  2 phantoms
  4 kobold brigands
  10 bullfrogs
  3 necrophages
  A gnoll sergeant (D:11)
  A wyvern zombie (D:5)
  5 scorpions
  5 wights (D:8)
  Dowan (D:6)
  30 killer bees
  An electric eel (Lair:5)
  4 howler monkeys
  2 bullfrog zombies (D:5)
  15 orc priests
  2 gnoll boudas
  2 hounds
  2 jellies
  26 orc wizards
  5 iguanas
  A killer bee zombie (D:5)
  14 gnolls
  2 adders
  A white imp (D:7)
  An adder zombie (D:5)
  2 worms
  3 dart slugs (D:1)
  87 orcs
  5 bats
  8 endoplasms
  5 giant cockroaches
  9 goblins
  8 hobgoblins
  9 quokkas
  3 ball pythons
  4 frilled lizards
  20 kobolds
  3 rats
676 creatures vanquished.

Vanquished Creatures (collateral kills)
  A centaur (D:14)
  A foxfire (Lair:4)
2 creatures vanquished.

Vanquished Creatures (others)
  A centaur (D:14)
  434 foxfires
  38 fungi
  42 plants
515 creatures vanquished.

Grand Total: 1193 creatures vanquished

Notes
Turn   | Place    | Note
-------+----------+-------------------------------------------
     0 | D:1      | fleeber the Djinni Fire Elementalist began the quest for
                  | the Orb.
     0 | D:1      | fleeber set off with the following spells memorised:
                  | Foxfire, Scorch, Conjure Flame, Inner Flame, Flame Wave.
     0 | D:1      | Reached XP level 1. HP: 15/15 MP: 0/0
     2 | D:1      | Noticed a formicid
     4 | D:1      | Noticed a spriggan
     4 | D:1      | Noticed a meteoran
     6 | D:1      | Noticed an elf
     8 | D:1      | Noticed a vampire
     8 | D:1      | Noticed a demonspawn
    10 | D:1      | Noticed a ghoul
    10 | D:1      | Noticed a naga
    12 | D:1      | Noticed an octopode
    12 | D:1      | Noticed a troll
    14 | D:1      | Noticed an ogre
    16 | D:1      | Noticed a palentonga
    16 | D:1      | Noticed a human
    18 | D:1      | Noticed a draconian
    18 | D:1      | Noticed a demigod
    20 | D:1      | Noticed a gargoyle
    20 | D:1      | Noticed a merfolk
    22 | D:1      | Noticed a minotaur
    22 | D:1      | Noticed a felid
    24 | D:1      | Noticed a vine stalker
    24 | D:1      | Noticed a merfolk
    26 | D:1      | Noticed a minotaur
   214 | D:1      | Reached XP level 2. HP: 21/22 MP: 0/0
   222 | D:1      | Reached skill level 1 in Fighting
   828 | D:1      | Reached XP level 3. HP: 22/27 MP: 0/0
   828 | D:1      | Learned a level 1 spell: Summon Small Mammal
  1566 | D:2      | Reached skill level 2 in Fighting
  1892 | D:2      | Reached XP level 4. HP: 29/33 MP: 0/0
  2954 | D:3      | Noticed Grinder
  2957 | D:3      | Paralysed by Grinder for 5 turns
  2966 | D:3      | Killed Grinder
  2967 | D:3      | Reached skill level 4 in Fighting
  2967 | D:3      | Reached XP level 5. HP: 5/41 MP: 0/0
  2967 | D:3      | Learned a level 2 spell: Blink
  2967 | D:3      | Reached XP level 6. HP: 6/47 MP: 0/0
  3746 | D:4      | Noticed an ice beast
  3816 | D:4      | Found a hide-covered altar of Uskayaw.
  3938 | D:4      | Found a stormy altar of Qazlal.
  4674 | D:5      | Entered Level 5 of the Dungeon
  4684 | D:5      | Found a white marble altar of Elyvilon.
  4702 | D:5      | Reached XP level 7. HP: 49/53 MP: 0/0
  4702 | D:5      | Learned a level 2 spell: Ensorcelled Hibernation
  4983 | D:5      | Found a shimmering altar of Xom.
  5028 | D:5      | Reached skill level 5 in Fighting
  5145 | D:5      | Found a basalt altar of Yredelemnul.
  5290 | D:5      | Found an ornate altar of the Wu Jian Council.
  5324 | D:5      | Reached skill level 5 in Spellcasting
  5324 | D:5      | Reached XP level 8. HP: 50/60 MP: 0/0
  5389 | D:5      | Noticed Edmund
  5394 | D:5      | Killed Edmund
  5402 | D:5      | Reached skill level 6 in Fighting
  5474 | D:5      | Found a runed translucent gate.
  5475 | D:5      | Found a runed translucent gate.
  5475 | D:5      | Found a runed translucent gate.
  5476 | D:5      | Noticed leafyfresh's ghost (weakling OpDe)
  6241 | D:6      | Reached skill level 7 in Fighting
  6408 | D:6      | Found a staircase to the Ecumenical Temple.
  6422 | Temple   | Entered the Ecumenical Temple
  6446 | D:6      | Reached XP level 9. HP: 58/68 MP: 0/0
  6446 | D:6      | Learned a level 4 spell: Animate Armour
  6549 | D:6      | Noticed Duvessa
  6549 | D:6      | Noticed Dowan
  6587 | D:6      | Killed Duvessa
  6613 | D:6      | Killed Dowan
  6774 | D:6      | Found an opulent altar of Gozag.
  6786 | D:6      | Noticed Pikel
  6805 | D:6      | Reached skill level 8 in Fighting
  7325 | D:6      | Found a bloodstained altar of Trog.
  7492 | D:6      | Killed Pikel
  7684 | D:6      | Found a snail-covered altar of Cheibriados.
  8006 | D:7      | Identified the +1 leather armour "Sovompot" {rC+ rN++ rCorr
                  | Dex-5}
  8021 | D:7      | Found a shadowy altar of Dithmenos.
  8107 | D:7      | Found an iron altar of Okawaru.
  8560 | D:8      | Reached skill level 1 in Evocations
  8560 | D:8      | Reached XP level 10. HP: 70/76 MP: 0/0
  9071 | D:8      | Found a staircase to the Lair.
  9551 | D:8      | Found a broken altar of Ashenzari.
  9557 | D:8      | Became a worshipper of Ashenzari the Shackled
  9764 | D:9      | Reached skill level 9 in Fighting
  9857 | D:9      | Reached skill level 5 in Dodging
  9977 | D:9      | Identified the ring of Law {Ice Str-2 Dex+3 Slay+3}
 10291 | D:10     | Entered Level 10 of the Dungeon
 10362 | D:10     | Reached XP level 11. HP: 82/84 MP: 0/0
 10362 | D:10     | Learned a level 4 spell: Sticky Flame
 10675 | D:10     | Reached skill level 5 in Evocations
 10791 | D:10     | Noticed a two-headed ogre
 10799 | D:10     | Killed a two-headed ogre
 11249 | D:11     | Noticed an eight-headed hydra
 11249 | D:11     | Noticed a cyclops
 11268 | D:11     | Killed an eight-headed hydra
 11358 | D:11     | Killed a cyclops
 11395 | D:11     | Noticed a boulder beetle
 11519 | D:11     | Reached skill level 10 in Fighting
 11776 | D:11     | Found a staircase to the Orcish Mines.
 11888 | D:11     | Noticed a two-headed ogre
 11894 | D:11     | Killed a two-headed ogre
 11954 | D:11     | Found Wogomm's Fire Supplies.
 12147 | D:11     | Reached * piety under Ashenzari
 12147 | D:11     | Identified a scroll of acquirement
 12500 | D:11     | Killed a boulder beetle
 12731 | Lair:1   | Entered Level 1 of the Lair of Beasts
 12769 | Lair:1   | Reached XP level 12. HP: 89/92 MP: 0/0
 12991 | Lair:1   | Reached ** piety under Ashenzari
 13006 | Lair:1   | Found the +4 skin of Zhor {*Englaciate rC+++ SInv}
 13715 | Lair:2   | Reached skill level 10 in Spellcasting
 13853 | Lair:2   | Reached *** piety under Ashenzari
 13923 | Lair:2   | Found a runed translucent gate.
 13923 | Lair:2   | Found a runed translucent gate.
 13923 | Lair:2   | Found a runed translucent gate.
 14053 | Lair:2   | Found a staircase to the Snake Pit.
 14068 | Lair:2   | Reached skill level 11 in Fighting
 14309 | Lair:2   | Identified the Directory of Embers and the Chill (You found
                  | it on level 3 of the Dungeon)
 14522 | Lair:2   | Noticed Kazon's ghost (journeyman BaFi)
 14981 | Lair:3   | Noticed safid's ghost (journeyman MfIE)
 14981 | Lair:3   | Found a transporter.
 14981 | Lair:3   | Found a transporter.
 14985 | Lair:2   | Reached **** piety under Ashenzari
 15210 | Lair:3   | Noticed a death yak
 15211 | Lair:3   | Noticed a seven-headed hydra
 15274 | Lair:3   | Noticed a seven-headed hydra
 15283 | Lair:3   | Killed a seven-headed hydra
 15284 | Lair:3   | Reached XP level 13. HP: 90/106 MP: 0/0
 15284 | Lair:3   | Learned a level 5 spell: Blade Hands
 15400 | Lair:3   | Acquired 1231 gold pieces
 15401 | Lair:3   | Reached ***** piety under Ashenzari
 15462 | Lair:3   | Found a staircase to the Shoals.
 15795 | Lair:3   | Reached skill level 12 in Fighting
 15894 | Lair:3   | Reached skill level 1 in Staves
 15952 | Lair:3   | Identified the cursed +1 pair of gloves of Ashenzari's
                  | Fallacy {Cun, Fort} (You found it on level 4 of the
                  | Dungeon)
 16002 | Lair:4   | Noticed a four-headed hydra
 16016 | Lair:3   | Killed a four-headed hydra
 16125 | Lair:4   | Noticed Urug
 16481 | Lair:4   | Found a staircase to the Slime Pits.
 16482 | Lair:4   | Found a viscous altar of Jiyva.
 16977 | Lair:4   | Reached skill level 13 in Fighting
 16978 | Lair:4   | Reached XP level 14. HP: 70/119 MP: 0/0
 16981 | Lair:4   | Killed Urug
 17469 | Lair:4   | Reached skill level 5 in Staves
 17726 | Lair:5   | Entered Level 5 of the Lair of Beasts
 17863 | Lair:5   | Noticed Kirke
 17904 | Lair:5   | Killed Kirke
 19059 | Lair:5   | Found a large runed translucent door.
 20043 | D:12     | Identified the +6 chain mail "Sempaalepn" {Drain rCorr
                  | Str-5 Int+8}
 20471 | Orc:1    | Entered Level 1 of the Orcish Mines
 20564 | Orc:1    | Reached skill level 14 in Fighting
 20664 | D:11     | Reached skill level 1 in Unarmed Combat
 20841 | Orc:2    | Entered Level 2 of the Orcish Mines
 21624 | Orc:2    | Found a staircase to the Elven Halls.
 21644 | Orc:2    | Found Fibah's Assorted Antiques.
 21693 | Orc:2    | Found Raheygg's Magic Scroll Shop.
 21707 | Orc:2    | Found Irchiwixadi's Antique Armour Boutique.
 21722 | Orc:2    | Found Luatz's Antique Weapon Shop.
 21916 | Orc:2    | Reached XP level 15. HP: 106/130 MP: 0/0
 21916 | Orc:2    | Learned a level 6 spell: Dispersal
 22073 | Orc:2    | Bought a potion of curing for 81 gold pieces
 22153 | Orc:2    | Noticed an orc warlord
 22202 | Orc:2    | Killed an orc warlord
 22551 | Orc:2    | Bought an embroidered cloak for 210 gold pieces
 22645 | Orc:2    | Bought a scroll of enchant armour for 127 gold pieces
 22645 | Orc:2    | Bought a scroll of blinking for 127 gold pieces
 23521 | D:13     | Found Pozxuga's Weapon Emporium.
 23993 | D:14     | Reached skill level 10 in Dodging
 24174 | D:14     | Found a gate to the Vaults.
 24246 | D:14     | Found a runed translucent gate.
 24247 | D:14     | Found a runed translucent gate.
 24247 | D:14     | Noticed Wopp's ghost (journeyman GrEE)
 24248 | D:14     | Found a runed translucent gate.
 24631 | D:15     | Entered Level 15 of the Dungeon
 24962 | D:15     | Reached skill level 15 in Fighting
 25281 | D:15     | Found Vekygaal's Armour Shoppe.
 25370 | D:15     | Identified the +1 ring mail "Sip Nohi" {+Inv rElec rC-}
 25610 | D:15     | Reached XP level 16. HP: 69/141 MP: 0/0
 25787 | D:15     | Found a staircase to the Depths.
 26553 | Snake:1  | Entered Level 1 of the Snake Pit
 26564 | Snake:1  | Reached skill level 1 in Shields
 27108 | Snake:1  | Identified the cursed +2 pair of gloves of the Sublime Seer
                  | {Self, Cun} (You found it on level 4 of the Lair of Beasts)
 27108 | Snake:1  | Identified the cursed +2 kite shield "Share My Visionary"
                  | {rF+, Melee, Self} (You took it off a tengu warrior on
                  | level 14 of the Dungeon)
 27336 | Snake:1  | Identified the +3 leather armour of the Nightingale {Harm
                  | rC++ Str+3}
 27369 | Snake:1  | Reached skill level 16 in Fighting
 27472 | Snake:1  | Found Dicie's Neck Hole.
 27478 | Snake:1  | Reached ****** piety under Ashenzari
 27480 | Snake:1  | Bought a scarf of resistance for 544 gold pieces
 28183 | Snake:2  | Noticed Mlioglotl
 28192 | Snake:1  | Shot with an arrow by a naga sharpshooter

Illustrated notes

Levels and vault maps discovered:
D:1:      kb_arrival_jail, layout_basic
D:2:      cheibrodos_helix_gallery, layout_basic, guppyfry_early_orc_mine
D:3:      layout_basic, dk_noncrumbling_4, uniq_grinder
D:4:      layout_loops_ring, mainiacjoe_overflow_cross_hatched,
          makhleb_blood_cavern_becter, nicolae_uskayaw_dance_hall,
          serial_forest, infiniplex_forest_corner_1,
          infiniplex_forest_clump_curved, infiniplex_forest_diagonal,
          infiniplex_forest_straight_4, infiniplex_forest_corner_1,
          infiniplex_forest_corner_1, infiniplex_forest_clump_curved,
          infiniplex_forest_end_2
D:5:      layout_basic, nzn_wu_jian_contemplation,
          nicolae_yredelemnul_corpse_copse, mainiacjoe_overflow_boulevard,
          amcnicky_altar_gilded, gammafunk_ghost_nasty_kobolds, uniq_edmund
D:6:      layout_rooms, grunt_gozag_statues, trog_hazing_becter, slow_altar_2,
          minmay_temple_entry_offerings, uniq_duvessa, uniq_pikel
D:7:      layout_loops_cross, grunt_dithmenos_smoke,
          gammafunk_temple_overflow_elements
D:8:      layout_basic, marbit_many_paths, lair_entry_dummy
D:9:      layout_basic, hangedman_abyss_or_decor_passed
D:10:     layout_basic, lemuel_round_altar
D:11:     layout_basic, hiddenorc1_lemuel, nicolae_shop_fire_sale
          [nicolae_sub_dead_trees], st_stairs_4
D:12:     layout_loops_ring
D:13:     layout_roguey [special_room_bee], serial_shops,
          nicolae_shop_bloodbath_and_beyond
D:14:     layout_rooms, david_vaults_1, ebering_ghost_rock_garden,
          amcnicky_mini_corridor_feature
D:15:     gammafunk_enter_depths_forms, layout_stronghold, serial_glass,
          glass_columns_b, glass_columns_a, serial_shops, nicolae_lakefront_shop
Temple:   hellmonk_temple_two_chambers
Lair:1:   layout_regular_city, hellmonk_guarded_unrand_zhor
Lair:2:   layout_layer_cave, guppyfry_snake_entry_garden, special_room,
          gammafunk_ghost_icy, chequers_serial_rivers_large_a,
          grunt_forest_large_clearings
Lair:3:   layout_regular_city, minmay_shoals_entry_beasts, gammafunk_ghost_arena
Lair:4:   onia_ninara_swampy_vault, layout_gridlike,
          minmay_slime_entry_oklob_open, uniq_urug
Lair:5:   cheibrodos_lair_end_hotspot, layout_gridlike, serial_bayou_shore_a,
          uniq_kirke
Snake:1:  layout_cave_shapes, nicolae_shop_sticking_my_neck_out,
          grunt_megastairs_3
Snake:2:  layout_gridlike, grunt_megastairs_4, lemuel_fruit_tree,
          uniq_mlioglotl, uniq_vashnia
Orc:1:    layout_caves
Orc:2:    grunt_orc_community_town_hall, layout_caves,
          grunt_orc_community_big_house_1, grunt_orc_community_big_house_2,
          grunt_orc_community_house_3, grunt_orc_community_house_1,
          grunt_orc_community_house_3, grunt_orc_community_house_2,
          grunt_orc_community_house_3, grunt_orc_community_house_2

Skill      XL: |  1  2  3  4  5  6  7  8  9 10 11 12 13 14 15 16 |
---------------+-------------------------------------------------+-----
Fighting       | 1 2 4 5 7 8 9 10 11 13 14 15 16 | 16.2
Spellcasting   | 3 4 5 6 8 9 11 12 13 14 | 14.3
Evocations     | 1 4 6 |  6.7
Dodging        | 5 7 8 9 10 | 10.5
Staves         | 4 6 |  6.7
Unarmed Combat | 2 4 |  4.8
Shields        | 4 |  4.6
Stealth        | |  1.5

Action                   |  1- 3 |  4- 6 |  7- 9 | 10-12 | 13-15 | 16-18 || total
-------------------------+-------+-------+-------+-------+-------+-------++-------
Melee: Unarmed           |     1 |     1 |       |       |    16 |    33 ||    51
       Staff             |       |       |     1 |       |    13 |     6 ||    20
       Punch             |       |       |       |       |     1 |     1 ||     2
 Cast: Foxfire           |    26 |    14 |    49 |    51 |   119 |    22 ||   281
       Scorch            |    22 |    42 |    97 |   229 |   426 |    47 ||   863
       Summon Small Mamm |       |     1 |       |     1 |     5 |       ||     7
       Ensorcelled Hiber |       |       |     6 |    13 |     4 |     3 ||    26
       Blink             |       |       |     2 |     3 |     7 |       ||    12
       Flame Wave        |       |       |     5 |    32 |    89 |    33 ||   159
       Inner Flame       |       |       |     1 |     4 |       |       ||     5
       Conjure Flame     |       |       |       |     2 |       |       ||     2
       Sticky Flame      |       |       |       |     2 |       |       ||     2
       Blade Hands       |       |       |       |       |     4 |     6 ||    10
       Dispersal         |       |       |       |       |     2 |     5 ||     7
Invok: Curse Item        |       |       |       |     6 |     5 |     1 ||    12
       Shatter the Chain |       |       |       |       |     3 |     1 ||     4
Evoke: Wand              |       |       |       |       |     7 |     5 ||    12
  Use: Scroll            |       |     3 |     1 |     8 |     6 |     5 ||    23
       Potion            |       |       |       |     2 |     3 |     6 ||    11
Armor: Robe              |     1 |       |     2 |       |       |       ||     3
       Leather armour    |     1 |     4 |    19 |    48 |    89 |    30 ||   191
Dodge: Dodged            |    11 |     3 |    37 |   105 |   324 |   106 ||   586
       Repelled          |       |       |       |       |     3 |     3 ||     6
Block: Kite shield       |       |       |       |       |    19 |    86 ||   105
